 Dungeon Crawl Stone Soup version 0.22-a0-362-g535178c (webtiles) character file.

49 Amnesiac the Magician (level 3, -1/24 HPs)
             Began as a Mummy Earth Elementalist on Apr 20, 2018.
             Was an Initiate of Sif Muna.
             Slain by Grinder (10 damage)
             ... on level 3 of the Dungeon.
             The game lasted 00:01:33 (573 turns).

Amnesiac the Magician (Mummy Earth Elementalist)     Turns: 573, Time: 00:01:34

Health: -1/24      AC:  2    Str: 11    XL:     3   Next: 53%
Magic:  7/8        EV: 12    Int: 15    God:    Sif Muna [......]
Gold:   17         SH:  0    Dex: 12    Spells: 8/9 levels left

rFire    x . .     SeeInvis +   (no weapon)
rCold    + . .     Gourm    .   (no shield)
rNeg     + + +     Faith    .   c - +0 robe
rPois    ∞         Spirit   .   (no helmet)
rElec    .         Reflect  .   (no cloak)
rCorr    .         Harm     .   (no gloves)
MR       .....                  (no boots)
Stlth    ++........             (no amulet)
HPRegen  0.08/turn              a - ring of see invisible
MPRegen  0.11/turn              (no ring)

@: no status effects
A: no food or potions, fire vulnerability, cold resistance 1, negative energy
resistance 3, torment resistance, unbreathing
a: Renounce Religion


You were on level 3 of the Dungeon.
You worshipped Sif Muna.
Sif Muna was noncommittal.
You were not hungry.

You visited 1 branch of the dungeon, and saw 4 of its levels.

You collected 17 gold pieces.

Inventory:

Missiles
 b - 40 stones (quivered)
Armour
 c - a +0 robe (worn)
 h - a +0 pair of gloves
Jewellery
 a - a ring of see invisible (left hand)
Wands
 g - a wand of disintegration (16)
Scrolls
 d - 4 scrolls of remove curse {!r, unknown}
 e - a scroll of identify {!r, unknown}
 f - a scroll of magic mapping {!r, unknown}


   Skills:
 - Level 1.5 Dodging
 + Level 1.6 Stealth
 + Level 3.5 Spellcasting
   Level 0.7 Transmutations
 * Level 3.4 Earth Magic


You had 8 spell levels left.
You knew the following spells:

 Your Spells              Type           Power        Failure   Level  Hunger
a - Sandblast             Erth           ##....       4%          1    N/A

Dungeon Overview and Level Annotations

Branches:
Dungeon (4/15)
 Temple: D:4-7

Altars:
Sif Muna

Annotations:
D:3 Grinder


Innate Abilities, Weirdness & Mutations

You do not eat or drink.
Your flesh is vulnerable to fire.
You are immune to poison.
Your flesh is cold resistant. (rC+)
You are immune to negative energy. (rN+++)
You are immune to unholy pain and torment.
You can survive without breathing.


Message History

You climb downwards.
You hear the sound of rushing water.
There is an entrance to a sewer on this level.
Hurry and find it before the portal rusts away!
Found a scroll labeled EDE TYOWKEPSA.
Found two stone staircases leading down.
There is a stone staircase leading up here.
A frilled lizard comes into view.
There is a stone staircase leading down here.
You climb downwards.
Found a stone staircase leading up.
There is a stone staircase leading up here.
You climb upwards.
You hear the sound of rushing water.
There is an entrance to a sewer on this level.
Hurry and find it before the portal rusts away!
The frilled lizard hisses angrily.
There is a stone staircase leading down here.
You hit the frilled lizard but do no damage.
The frilled lizard closely misses you.
You hit the frilled lizard but do no damage.
The frilled lizard closely misses you.
You closely miss the frilled lizard. The frilled lizard barely misses you.
A worm comes into view.
You closely miss the frilled lizard. The frilled lizard bites you.
Grinder comes into view.
Grinder shouts!
Grinder drinks a potion.
Grinder seems to speed up.
You completely miss the frilled lizard.
The frilled lizard bites you but does no damage.
Grinder blinks!
An orc comes into view. It is wielding a falchion.
The orc shouts!
You hear a shout!
Found a deep blue altar of Sif Muna.
An orc comes into view. It is wielding a club.
You hit the frilled lizard.
You kill the frilled lizard!
Grinder blinks!
The worm closely misses you.
Found 17 stones and 20 sling bullets.
There is a deep blue altar of Sif Muna here.
You kneel at the altar of Sif Muna.
Sif Muna welcomes you!
An orc priest comes into view. It is wielding a short sword.
Grinder gestures at you.
You suddenly lose the ability to move!
Grinder hits you!
You can move again.
Unknown command.
Unknown command.
You see here 17 stones.
Grinder gestures at you. You resist with significant effort.
You see here 20 sling bullets.
Grinder hits you!
* * * LOW HITPOINT WARNING * * *
Casting: Sandblast (safe; 4% risk of failure)
Confirm with . or Enter, or press ? or * to list all spells.
Aiming: Sandblast (safe; 4% risk of failure)
Press: ? - help, Shift-Dir - straight line, f - Grinder
Aim: Grinder (fast)
The blast of sand hits Grinder.
Grinder is lightly wounded.
b - 40 stones Grinder hits you!
You die...

.#..o.#####.#.##.#..+
..........._..#.....#
.......####.#.......#
....>........o#.....+##
............o.o.......#
.>............(w.#.#.
.......#.....###.#
......##.....# #5#
##...######### #@#
...... #......# ##.##.#
###.#### .# .# .# .. .
#


You could see Grinder and a worm.

Vanquished Creatures
  3 adders (D:2)
  A worm (D:2)
  A bat (D:1)
  A giant cockroach (D:2)
  4 hobgoblins
  4 kobolds
  A quokka (D:2)
  A frilled lizard (D:3)
  3 rats
19 creatures vanquished.

Notes
Turn   | Place    | Note
-------+----------+-------------------------------------------
     0 | D:1      | Amnesiac the Mummy Earth Elementalist began the quest for the Orb.
     0 | D:1      | Reached XP level 1. HP: 13/13 MP: 4/4
   136 | D:2      | Reached XP level 2. HP: 18/19 MP: 3/6
   295 | D:2      | Reached XP level 3. HP: 24/24 MP: 2/7
   552 | D:3      | Noticed Grinder
   554 | D:3      | Found a deep blue altar of Sif Muna.
   563 | D:3      | Became a worshipper of Sif Muna the Loreminder
   566 | D:3      | Paralysed by Grinder for 2 turns
   573 | D:3      | Slain by Grinder

Vault maps used:
D:1:      dpeg_arrival_rooms_with_view
D:3:      lemuel_crystal_altar, old_standard_altar, gup_sewer_entry_bowl,
          uniq_grinder
D:4:      gammafunk_temple_overflow_wave, first_ration, serial_shops, shop,
          grunt_decor_clamped, roderic_roman_lattice, sigmund_edmund_badplayer

Skill      XL: |  1 |
---------------+----+-----
Spellcasting   | 3 |  3.5
Earth Magic    | 3 |  3.4
Dodging        | |  1.5
Stealth        | |  1.6
Transmutations | |  0.7

Action                   || total
-------------------------++-------
Melee: Unarmed           ||    17
 Cast: Sandblast         ||    30
Armor: Robe              ||     4
Dodge: Dodged            ||    13

Table legend:
 A = Spawn XP
 B = Non-spawn XP
 C = Spawn XP percentage of total XP
 D = Spawn monster count
 E = Non-spawn monster count
 F = Spawn count percentage of total count
 G = Total turns spent on level
                    A         B        C        D         E        F      G
               +---------+---------+-------+---------+---------+-------+---------
         Total |       0 |      71 |   0.0 |       0 |      19 |   0.0 |   573
               +---------+---------+-------+---------+---------+-------+---------
           D:1 |       0 |      11 |   0.0 |       0 |       7 |   0.0 |   134
           D:2 |       0 |      59 |   0.0 |       0 |      11 |   0.0 |   406
           D:3 |       0 |       1 |   0.0 |       0 |       1 |   0.0 |    31
               +---------+---------+-------+---------+---------+-------+---------
